 Dungeon Crawl Stone Soup version 0.23.2-30-g0e89c35649 (webtiles) character file.

Game seed: 12981282795967379806

1809 Kobolds4U the Thaumaturge (level 8, -6/43 HPs)
             Began as a Deep Elf Conjurer on June 18, 2019.
             Was an Initiate of Ashenzari.
             Mangled by an ice beast (13 damage)
             ... on level 7 of the Dungeon.
             The game lasted 00:24:53 (7904 turns).

Kobolds4U the Thaumaturge (Deep Elf Conjurer)       Turns: 7904, Time: 00:24:54

Health: -6/43      AC:  6    Str:  5    XL:     8   Next: 84%
Magic:  1/22       EV: 15    Int: 23    God:    Ashenzari [......]
Gold:   27         SH:  5    Dex: 19    Spells: 3/24 levels left

rFire    . . .     SeeInvis .   z - +2 short sword (venom)
rCold    . . .     Gourm    .   R - +0 buckler
rNeg     . . .     Faith    .   k - +0 leather armour
rPois    .         Spirit   .   J - +0 helmet
rElec    .         Reflect  .   v - +0 cloak
rCorr    .         Harm     .   I - +0 pair of gloves
MR       .....                  (no boots)
Stlth    ++........             M - amulet of the acrobat
HPRegen  0.14/turn              C - ring of wizardry
MPRegen  0.18/turn              H - +4 ring of dexterity

@: no status effects
A: no striking features
a: Curse Item, Renounce Religion


You were on level 7 of the Dungeon.
You worshipped Ashenzari.
Ashenzari was noncommittal.
You were not hungry.

You visited 2 branches of the dungeon, and saw 8 of its levels.
You also visited: Sewer.

You collected 355 gold pieces.
You spent 328 gold pieces at shops.

Inventory:

Hand Weapons
 z - a +2 short sword of venom (weapon)
 B - a +0 long sword
Missiles
 w - 17 arrows
Armour
 a - a +0 robe
 k - a +0 leather armour (worn)
 v - a +0 cloak (worn)
 I - a +0 pair of gloves (worn)
 J - a +0 helmet (worn)
 R - a +0 buckler (worn)
Jewellery
 b - a +2 ring of intelligence
 i - an uncursed ring of poison resistance
 m - an uncursed ring of protection from fire
 s - an uncursed ring of positive energy
 A - an uncursed ring of protection from magic
 C - a ring of wizardry (left hand)
 F - an uncursed ring of see invisible
 H - a +4 ring of dexterity (right hand)
 K - an uncursed ring of see invisible
 M - an amulet of the acrobat (around neck)
 S - an uncursed ring of protection from magic
Wands
 l - a wand of flame (21)
 L - a wand of iceblast (6)
Scrolls
 g - 2 scrolls of fear {unknown}
 j - 4 scrolls of magic mapping
 n - 3 scrolls of teleportation {unknown}
 o - 3 scrolls of remove curse
 p - 2 scrolls of blinking
 q - 2 scrolls of immolation {unknown}
 y - 3 scrolls of amnesia
 E - a scroll of noise {unknown}
 G - a scroll of summoning {unknown}
 Q - 4 scrolls of fog
 T - a scroll of enchant weapon
 U - a scroll of holy word
Potions
 e - 2 potions of flight
 f - 4 potions of curing
 h - a potion of invisibility
 t - 5 potions of heal wounds
 u - a potion of haste
 x - a potion of degeneration {unknown}
 D - a potion of lignification {unknown}
 N - 2 potions of brilliance
 O - 4 potions of might
 P - 2 potions of magic
Comestibles
 c - 12 rations
 d - 4 chunks of flesh


   Skills:
 - Level 1.0 Fighting
 - Level 6.2 Dodging
 - Level 2.4 Stealth
 * Level 2.6 Shields
 + Level 8.7 Spellcasting
 - Level 7.0 Conjurations
 - Level 4.0 Hexes
 - Level 2.2 Translocations
 - Level 2.2 Transmutations
 - Level 2.2 Earth Magic


You had 3 spell levels left.
You knew the following spells:

 Your Spells              Type           Power        Failure   Level  Hunger
a - Magic Dart            Conj           ####         1%          1    None
b - Searing Ray           Conj           #####.       1%          2    None
c - Dazzling Spray        Conj/Hex       #####.       1%          3    None
d - Passwall              Tmut/Erth      ###.....     3%          2    None
e - Force Lance           Conj/Tloc      ####....     8%          4    ##.....
f - Petrify               Tmut/Erth      ###.....     21%         4    ##.....
g - Lee's Rapid Deconstr  Erth           ###.......   45%         5    ####...

Your spell library contained the following spells:

 Spells                   Type           Power        Failure   Level  Hunger
 Sandblast                Erth           ###...       1%          1    None
 Stone Arrow              Conj/Erth      ####..       2%          3    None
 Iskenderun's Mystic Bla  Conj           #####...     2%          4    ##.....
 Fulminant Prism          Conj/Hex       #####.....   5%          4    ##.....


Dungeon Overview and Level Annotations

Branches:
Dungeon (7/15)             Temple (1/1) D:7

Altars:
Ashenzari
Cheibriados
Dithmenos
Elyvilon
Fedhas
Gozag
Hepliaklqana
Kikubaaqudgha
Makhleb
Nemelex Xobeh
Okawaru
Qazlal
Ru
Sif Muna
Trog
Uskayaw
Vehumet
Wu Jian
Xom
Yredelemnul
Zin
The Shining One
Beogh

Shops:
D:7 ?

Annotations:
D:3 Sigmund
D:5 3 runed translucent doors, Pikel; Zeus21348's ghost, novice MiBe


Message History

The ice beast is severely wounded.
You block the ice beast's attack. The ice beast closely misses you.
You hit the ice beast but do no damage.
The ice beast is severely wounded.
The ice beast hits you. The ice beast freezes you.
You hit the ice beast.
The ice beast is severely wounded.
The ice beast hits you. The ice beast freezes you!
* * * LOW HITPOINT WARNING * * *
Casting: Searing Ray (safe; 1% risk of failure)
Confirm with . or Enter, or press ? or * to list all spells.
Aiming: Magic Dart (safe; 1% risk of failure)
Press: ? - help, Shift-Dir - straight line, f/p - ice beast
Aim: an ice beast (severely wounded)
The magic dart hits the ice beast.
The ice beast is almost dead.
The ice beast hits you.
* * * LOW HITPOINT WARNING * * *
The ice beast freezes you!
You die...

......).###8#
###..##.####
#.)).8.∩.8.#
#..>.......#
#......8...#
#..........#
#....[.....#
#.Y÷.......#
#.@........#
#....⌠.....#
#........###
#..⌠.>.⌠.#
#........#
#....⌠...#
#.....####
#######


You could see an ice beast.

Vanquished Creatures
  2 slaves (D:5)
  2 ice beasts (D:5)
  A sky beast (D:6)
  A phantom (D:4)
  An ogre (D:5)
  7 bullfrogs
  2 howler monkeys (D:7)
  2 jellies (D:5)
  2 hounds
  A bullfrog skeleton (D:5)
  2 orc wizards
  An iguana (D:5)
  4 orc priests
  Jessica (D:2)
  5 worker ants
  A worker ant zombie (D:5)
  14 adders
  4 river rats (Sewer)
  3 oozes
  An adder skeleton (D:4)
  4 worms
  A dart slug (D:1)
  6 leopard geckos
  15 orcs
  11 ball pythons
  7 bats
  11 giant cockroaches
  5 goblins
  5 hobgoblins
  4 jackals (D:1)
  4 quokkas
  6 frilled lizards
  A giant cockroach zombie (D:6)
  7 kobolds
  A leopard gecko skeleton (D:2)
  27 rats
172 creatures vanquished.

Vanquished Creatures (others)
  10 plants (D:6)
10 creatures vanquished.

Grand Total: 182 creatures vanquished

Notes
Turn   | Place    | Note
-------+----------+-------------------------------------------
     0 | D:1      | Kobolds4U the Deep Elf Conjurer began the quest for the
                  | Orb.
     0 | D:1      | Reached XP level 1. HP: 10/10 MP: 6/6
   207 | D:1      | Reached skill level 4 in Spellcasting
   207 | D:1      | Reached XP level 2. HP: 15/15 MP: 7/9
   324 | D:1      | Learned a level 2 spell: Searing Ray
   850 | D:1      | Reached XP level 3. HP: 19/19 MP: 7/11
   926 | D:1      | Reached skill level 5 in Spellcasting
  1167 | D:2      | Noticed Jessica
  1173 | D:2      | Learned a level 3 spell: Dazzling Spray
  1521 | D:2      | Found a glowing golden altar of the Shining One.
  1563 | D:2      | Killed Jessica
  1563 | D:2      | Reached skill level 1 in Hexes
  1563 | D:2      | Reached XP level 4. HP: 24/24 MP: 10/13
  1656 | D:2      | Found a faded altar of an unknown god.
  1893 | D:3      | Reached skill level 5 in Conjurations
  2268 | D:3      | Reached XP level 5. HP: 28/28 MP: 11/15
  2271 | D:3      | Noticed Sigmund
  2290 | D:3      | Reached skill level 6 in Spellcasting
  2572 | D:4      | Noticed a phantom
  2584 | D:4      | Killed a phantom
  2775 | D:4      | Reached skill level 7 in Spellcasting
  2775 | D:4      | Reached XP level 6. HP: 15/32 MP: 13/18
  2794 | D:4      | Learned a level 2 spell: Passwall
  2799 | D:4      | Learned a level 4 spell: Force Lance
  2804 | D:4      | Learned a level 4 spell: Petrify
  3270 | D:4      | Found a stormy altar of Qazlal.
  3811 | D:5      | Entered Level 5 of the Dungeon
  3816 | D:5      | Reached skill level 8 in Spellcasting
  3818 | D:5      | Reached skill level 1 in Translocations
  3818 | D:5      | Reached skill level 1 in Transmutations
  3818 | D:5      | Reached skill level 1 in Earth Magic
  3929 | D:5      | Found a runed translucent gate.
  3929 | D:5      | Found a runed translucent gate.
  3929 | D:5      | Found a runed translucent gate.
  3935 | D:5      | Reached XP level 7. HP: 31/36 MP: 13/20
  3977 | D:5      | Learned a level 5 spell: Lee's Rapid Deconstruction
  5165 | D:5      | Noticed Pikel
  5651 | D:5      | Noticed Zeus21348's ghost (novice MiBe)
  5651 | D:5      | Identified the +4 mace "Voaplyle" {drain, Str+3}
  5654 | D:5      | Found a roughly hewn altar of Beogh.
  5844 | D:6      | Reached XP level 8. HP: 41/41 MP: 17/22
  5885 | D:6      | Reached skill level 5 in Dodging
  6021 | D:6      | Found a blossoming altar of Fedhas.
  6135 | D:6      | Found a glowing drain.
  6155 | Sewer    | Entered a sewer
  7682 | D:7      | Found a staircase to the Ecumenical Temple.
  7682 | D:7      | Found Tiptuli's Magic Scroll Boutique.
  7685 | D:7      | Reached skill level 1 in Fighting
  7685 | D:7      | Reached skill level 1 in Shields
  7707 | Temple   | Entered the Ecumenical Temple
  7800 | Temple   | Became a worshipper of Ashenzari the Shackled
  7847 | D:7      | Bought a scroll of identify for 22 gold pieces
  7847 | D:7      | Bought a scroll of identify for 22 gold pieces
  7847 | D:7      | Bought a scroll of identify for 22 gold pieces
  7847 | D:7      | Bought a scroll of identify for 22 gold pieces
  7847 | D:7      | Bought a scroll of amnesia for 38 gold pieces
  7847 | D:7      | Bought a scroll of enchant weapon for 82 gold pieces
  7847 | D:7      | Bought a scroll of holy word for 82 gold pieces
  7847 | D:7      | Bought a scroll of magic mapping for 38 gold pieces
  7904 | D:7      | Mangled by an ice beast

Skill      XL: |  1  2  3  4  5  6  7  8 |
---------------+-------------------------+-----
Spellcasting   | 4 5 7 8 |  8.7
Hexes          | 1 2 3 4 |  4.0
Conjurations   | 5 6 7 |  7.0
Translocations | 1 2 |  2.2
Transmutations | 1 2 |  2.2
Earth Magic    | 1 2 |  2.2
Dodging        | 4 6 |  6.2
Fighting       | 1 |  1.0
Shields        | 2 |  2.6
Stealth        | |  2.4

Action                   |  1- 3 |  4- 6 |  7- 9 || total
-------------------------+-------+-------+-------++-------
Melee: Unarmed           |     3 |       |       ||     3
       Short sword       |     1 |    25 |    24 ||    50
 Cast: Magic Dart        |    77 |    94 |   108 ||   279
       Searing Ray       |       |    12 |    25 ||    37
       Dazzling Spray    |       |     1 |    19 ||    20
       Passwall          |       |       |     3 ||     3
  Use: Scroll            |       |       |    11 ||    11
       Potion            |       |       |     1 ||     1
 Stab: Sleeping          |       |     1 |     4 ||     5
  Eat: Chunk             |     2 |     7 |    12 ||    21
Armor: Robe              |     1 |       |       ||     1
       Leather armour    |       |     7 |    32 ||    39
Dodge: Dodged            |     8 |    30 |    98 ||   136
Block: Buckler           |       |       |     3 ||     3
